Map: Nightshade LE

Players

liquidthermy (uThermal) - Winner!

  • Race: Terran Terran
  • Spawn Location: 5:00

A.I. 1 (Very Easy)

  • Race: Protoss Protoss
  • Spawn Location: 11:00

VOD

Have the link to the VOD?

Description

Time

  • Played on: May 10, 2020, 8:07 a.m.
  • Length: 6:42
Show
View Real Time Build Order
Export as new Build Order

liquidthermy Terran - Winner!

Build Orders: Liberator Opening, Reaper Expand 

Get SALT Encoding   

  12  0:01  SCV  
  13  0:13  SCV  
  14  0:17  Supply Depot  
  14  0:25  SCV  
  15  0:38  SCV  
  15  0:39  Barracks  
  16  0:43  Refinery  
  16  0:50  SCV  
  17  1:02  SCV  
  18  1:15  SCV  
  19  1:26  Reaper  
  19  1:27  Orbital Command  
  20  1:39  Command Center  
  20  1:49  Supply Depot  
  20  1:52  SCV  
  21  1:58  Marine  
  22  2:04  SCV  
  22  2:06  Factory  
  23  2:16  SCV, Bunker  
  23  2:20  Barracks Reactor  
  24  2:24  Refinery  
  24  2:29  SCV  
  25  2:41  SCV  
  26  2:51  Orbital Command  
  26  2:53  SCV, Starport  
  26  2:56  Marine x2  
  29  3:04  Widow Mine  
  29  3:05  SCV  
  32  3:14  Marine x2  
  32  3:17  SCV x2  
  36  3:25  Supply Depot, Widow Mine  
  38  3:29  SCV x2  
  38  3:30  Medivac  
  38  3:32  Marine x2  
  44  3:38  Supply Depot  
  44  3:41  SCV x2  
  45  3:47  Factory Tech Lab  
  46  3:50  Marine x2  
  46  3:53  SCV x2  
  50  4:02  Supply Depot  
  50  4:05  SCV x2, Siege Tank  
  50  4:07  Marine  
  50  4:08  Marine  
  57  4:14  Supply Depot  
  57  4:16  Liberator  
  60  4:17  SCV x2  
  62  4:25  Marine x2  
  62  4:29  SCV  
  62  4:30  SCV  
  66  4:36  Command Center  
  66  4:38  Siege Tank  
  66  4:42  SCV  
  66  4:43  Marine x2  
  66  4:44  SCV  
  73  4:48  Supply Depot  
  73  4:54  SCV  
  73  4:56  SCV  
  75  5:01  Marine x2  
  75  5:06  SCV  
  78  5:09  Barracks  
  78  5:10  SCV, Supply Depot, Siege Tank  
  78  5:11  Barracks  
  82  5:18  SCV  
  82  5:19  Marine x2, Starport Tech Lab  
  85  5:24  Engineering Bay x2  
  85  5:25  SCV  
  86  5:28  Refinery  
  86  5:29  Refinery  
  86  5:32  SCV  
  86  5:34  Supply Depot  
  87  5:37  Marine x2  
  87  5:38  SCV  
  89  5:43  Siege Tank  
  89  5:48  Orbital Command  
  89  5:49  SCV  
  93  5:55  SCV  
  93  5:56  Starport Reactor, Marine x2  
  96  6:03  Supply Depot, Marine  
  97  6:06  SCV  
  98  6:12  SCV  
  98  6:13  Barracks x2  
  98  6:16  Marine  
  98  6:18  SCV, Marine  
  102  6:21  Marauder  
  102  6:22  Factory Reactor  
  102  6:25  SCV  
  108  6:33  Supply Depot  
Show
View Real Time Build Order
Export as new Build Order

A.I. 1 (Very Easy) Protoss 

Build Orders: 1 Gate Expand, Nexus First 

Get SALT Encoding   

  12  0:00  Probe  
  13  0:13  Probe  
  14  0:20  Pylon  
  14  0:43  Gateway  
  14  1:01  Nexus  
  14  1:19  Pylon  
  14  1:23  Assimilator  
  14  1:24  Zealot  
  14  1:37  Probe  
  14  1:38  Cybernetics Core  
  17  1:49  Probe  
  18  1:59  Probe  
  18  2:02  Assimilator  
  18  2:07  Probe, Stalker  
  22  2:16  Probe, Warp Gate  
  23  2:24  Probe  
  24  2:32  Probe  
  25  2:40  Probe  
  26  2:46  Pylon  
  26  2:47  Probe  
  27  2:54  Probe  
  28  3:01  Probe  
  29  3:08  Probe  
  29  3:12  Probe  
  30  3:18  Robotics Facility  
  31  3:23  Probe  
  31  3:26  Probe  
  33  3:35  Adept  
  33  3:37  Probe  
  36  3:44  Probe  
  36  3:45  Assimilator  
  37  3:51  Probe  
  38  3:59  Probe  
  38  4:02  Assimilator, Observer  
  39  4:06  Probe  
  41  4:13  Probe  
  41  4:17  Probe  
  42  4:19  Observer  
  44  4:27  Probe  
  45  4:31  Probe, Pylon  
  46  4:42  Probe  
  47  4:49  Probe  
  48  4:55  Sentry  
  48  4:56  Probe  
  48  5:03  Probe  
  49  5:10  Probe  
  50  5:44  Probe  
  41  5:55  Probe  
  37  5:57  Zealot  
  37  5:59  Probe  
  19  6:14  Probe  
  11  6:22  Probe  
Tags
 
Add a new tag
Caveats
  • Supply blocks, unpowered buildings, or Contaminate may cause inaccurate times.
  • Supply counts are checked every 10 seconds.